Map: Canyon of Tribulation

Players

Throwfordays - Winner!

  • Race: Protoss Protoss
  • League: Silver
  • Spawn Location: 3:00

Faust - Winner!

  • Race: Zerg Zerg
  • League: Diamond
  • Spawn Location: 12:00

Cthulhu - Winner!

  • Race: Protoss Protoss
  • Spawn Location: 12:00

Azulike

  • Race: Terran Terran
  • League: Gold
  • Spawn Location: 7:00

drewishuge

  • Race: Protoss Protoss
  • League: Platinum
  • Spawn Location: 6:00

CHaSE

  • Race: Terran Terran
  • League: Diamond
  • Spawn Location: 6:00

VOD

Have the link to the VOD?

Description

Time

  • Played on: Feb. 11, 2019, 10:20 p.m.
  • Length: 10:35
Show
View Real Time Build Order
Export as new Build Order

Throwfordays Protoss - Winner!

Build Orders: Cannon Rush 

Get SALT Encoding   

  12  0:00  Probe  
  13  0:13  Probe  
  14  0:21  Pylon  
  14  0:26  Probe  
  15  0:39  Probe  
  16  0:42  Forge  
  16  0:53  Gateway  
  16  0:55  Probe  
  17  1:00  Assimilator  
  17  1:16  Pylon  
  17  1:25  Probe  
  18  1:35  Photon Cannon  
  18  1:37  Probe  
  18  1:38  Photon Cannon  
  19  1:46  Photon Cannon  
  19  1:49  Probe  
  20  1:56  Photon Cannon  
  20  2:07  Photon Cannon  
  20  2:17  Photon Cannon  
  20  2:27  Cybernetics Core  
  20  2:51  Warp Gate  
  20  2:55  Pylon  
  20  3:03  Nexus  
  20  3:24  Probe  
  20  3:25  Pylon  
  21  3:39  Assimilator  
  21  3:45  Photon Cannon  
  21  3:49  Photon Cannon  
  21  3:56  Photon Cannon  
  21  3:59  Probe  
  22  4:07  Probe  
  22  4:15  Pylon, Probe  
  22  4:16  Probe  
  23  4:23  Probe  
  25  4:25  Probe  
  27  4:33  Probe x2  
  29  4:42  Probe x2  
  31  4:50  Probe  
  31  4:54  Probe  
  31  4:59  Probe  
  33  5:04  Pylon  
  33  5:06  Probe  
  35  5:11  Probe  
  36  5:18  Probe  
  37  5:23  Probe  
  38  5:30  Probe  
  38  5:32  Nexus  
  39  5:36  Probe  
  39  5:40  Assimilator  
  39  5:42  Assimilator  
  40  5:43  Probe  
  40  5:46  Assimilator  
  40  5:47  Assimilator  
  40  5:49  Pylon  
  41  5:52  Probe  
  41  5:55  Probe  
  43  6:04  Probe  
  43  6:06  Nexus  
  43  6:07  Probe  
  43  6:09  Pylon  
  45  6:16  Probe  
  46  6:26  Assimilator  
  46  6:29  Probe  
  46  6:30  Assimilator  
  47  6:33  Probe  
  48  6:41  Probe  
  48  6:45  Probe  
  50  6:47  Probe  
  50  6:53  Probe  
  52  6:57  Probe  
  52  6:59  Probe  
  54  7:01  Stargate  
  54  7:03  Stargate  
  54  7:07  Probe x2  
  56  7:15  Probe x3  
  56  7:20  Probe  
  60  7:24  Stargate  
  60  7:25  Probe x2  
  60  7:27  Cybernetics Core  
  60  7:28  Probe  
  63  7:30  Stargate  
  63  7:32  Probe  
  63  7:34  Stargate  
  65  7:37  Probe x2  
  65  7:40  Probe  
  68  7:44  Probe  
  68  7:47  Protoss Air Weapons Level 1  
  68  7:49  Probe  
  69  7:52  Fleet Beacon, Probe  
  69  7:55  Probe  
  69  7:58  Probe  
  72  7:59  Probe  
  72  8:03  Probe  
  72  8:04  Probe  
  74  8:07  Probe  
  74  8:10  Probe  
  74  8:11  Probe  
  77  8:15  Probe  
  79  8:21  Protoss Air Armor Level 1  
  79  8:22  Probe x2  
  79  8:23  Void Ray x3  
  93  8:28  Probe  
  93  8:31  Void Ray  
  98  8:34  Probe  
  98  8:40  Probe  
  100  9:04  Anion Pulse-Crystals  
  100  9:05  Probe  
  101  9:11  Carrier x3  
  101  9:17  Probe  
  120  9:29  Probe  
  121  9:40  Pylon  
  121  9:42  Pylon  
  121  9:43  Pylon  
  121  9:45  Pylon  
  121  9:47  Pylon  
  121  9:49  Pylon  
  121  9:52  Pylon  
  121  9:55  Pylon  
Show
View Real Time Build Order
Export as new Build Order

Faust Zerg - Winner!

Build Orders: Hatch First 

Get SALT Encoding   

  12  0:01  Drone  
  13  0:08  Drone  
  14  0:17  Extractor  
  14  0:18  Drone  
  15  0:23  Overlord  
  15  0:42  Drone x2  
  17  0:56  Hatchery  
  16  1:03  Drone  
  17  1:05  Extractor  
  16  1:17  Spawning Pool  
  15  1:19  Drone  
  16  1:27  Drone  
  17  1:38  Drone  
  17  1:39  Drone  
  19  1:42  Drone  
  20  2:07  Queen  
  22  2:09  Metabolic Boost  
  22  2:10  Zergling x2, Queen  
  22  2:13  Drone  
  22  2:15  Drone  
  27  2:18  Drone  
  28  2:34  Overlord  
  28  2:42  Overlord  
  28  2:53  Drone x5  
  33  3:03  Drone  
  34  3:07  Lair  
  34  3:12  Drone  
  35  3:19  Drone  
  36  3:22  Hatchery, Drone x2  
  36  3:24  Drone  
  36  3:26  Drone  
  39  3:29  Drone  
  39  3:32  Drone  
  41  3:37  Extractor  
  41  3:38  Drone x2  
  41  3:39  Extractor  
  41  3:40  Drone  
  42  3:44  Drone  
  42  3:48  Drone  
  44  3:53  Overlord x2  
  44  4:11  Drone, Spire  
  44  4:12  Extractor, Drone  
  44  4:13  Drone x3  
  44  4:16  Overlord  
  47  4:18  Overlord  
  47  4:22  Overlord  
  47  4:37  Queen  
  49  4:39  Drone x4  
  49  4:40  Drone x2  
  49  4:42  Overlord  
  55  4:54  Spore Crawler  
  55  4:57  Spore Crawler  
  53  5:00  Drone x6  
  53  5:03  Spore Crawler  
  58  5:23  Mutalisk  
  58  5:24  Mutalisk x6  
  58  5:27  Mutalisk  
  74  5:36  Mutalisk x2  
  74  5:37  Mutalisk  
  74  5:40  Mutalisk  
  74  5:41  Mutalisk  
  84  5:45  Drone x2  
  84  5:46  Drone  
  84  5:48  Drone  
  88  5:56  Zerg Flyer Weapons Level 1, Mutalisk x2  
  90  5:58  Mutalisk  
  90  6:01  Overlord  
  94  6:31  Mutalisk x6  
  106  6:34  Overlord  
  106  6:35  Overlord x4  
  106  6:58  Corruptor x5  
  106  6:59  Corruptor x4  
  122  7:19  Extractor, Drone x3  
  122  7:20  Extractor, Drone x3  
  122  7:34  Drone x4  
  122  7:35  Overlord x2  
  126  7:43  Drone  
  126  7:44  Drone x2  
  129  7:49  Spore Crawler  
  96  8:35  Mutalisk x3  
  96  8:36  Mutalisk x12  
  126  9:02  Infestation Pit  
  126  9:06  Zergling x16  
  133  9:21  Hatchery  
  131  9:24  Corruptor  
  131  9:25  Corruptor x6  
  131  9:26  Corruptor x3  
Show
View Real Time Build Order
Export as new Build Order

Cthulhu Protoss - Winner!

Build Orders: Nexus First 

Get SALT Encoding   

  1  0:00  Probe  
  12  0:06  Probe  
  14  0:23  Probe  
  15  0:48  Nexus  
  15  0:56  Pylon  
  15  1:09  Pylon  
  15  1:10  Probe  
  16  1:19  Probe  
  16  1:24  Gateway  
  17  1:39  Assimilator  
  17  1:45  Assimilator  
  17  1:48  Probe  
  18  1:56  Probe  
  18  2:01  Probe  
  20  2:04  Probe  
  21  2:16  Cybernetics Core  
  21  2:18  Forge  
  21  2:19  Zealot  
  21  2:23  Pylon  
  23  2:32  Probe x2  
  25  2:48  Warp Gate  
  25  2:59  Stalker  
  25  3:01  Probe x2  
  29  3:13  Probe x2  
  29  3:19  Nexus  
  31  3:26  Pylon  
  31  3:29  Probe  
  32  3:38  Protoss Ground Weapons Level 1  
  32  3:51  Probe  
  32  3:54  Probe  
  34  3:59  Probe  
  34  4:07  Nexus, Probe  
  34  4:08  Probe  
  36  4:11  Stalker  
  39  4:20  Pylon  
  39  4:29  Probe x2  
  41  4:33  Probe  
  41  4:36  Assimilator  
  42  4:40  Assimilator  
  42  4:41  Probe x2  
  42  4:43  Probe  
  45  4:49  Stalker  
  47  4:53  Twilight Council, Probe  
  47  4:57  Assimilator  
  48  5:01  Assimilator, Probe  
  48  5:02  Probe  
  48  5:05  Probe  
  51  5:14  Probe x2  
  53  5:17  Probe  
  53  5:20  Stalker  
  56  5:26  Probe  
  57  5:29  Probe x2  
  57  5:30  Probe  
  57  5:31  Blink  
  60  5:38  Probe  
  61  5:43  Assimilator, Probe x3  
  61  5:45  Assimilator  
  61  5:49  Stalker  
  66  5:50  Probe  
  66  5:55  Probe x2  
  61  6:17  Protoss Ground Weapons Level 2  
  61  6:32  Probe  
  61  6:33  Probe x3  
  65  6:41  Probe x4  
  69  6:49  Probe  
  69  6:50  Probe x2  
  69  6:51  Dark Shrine  
  69  6:54  Pylon  
  72  6:58  Stalker  
  65  7:11  Probe x4  
  59  7:23  Probe  
  59  7:25  Probe x3  
  62  7:35  Probe  
  63  7:53  Probe x2  
  63  7:54  Probe x2  
  67  8:15  Templar Archives  
  67  8:16  Pylon x2  
  67  8:21  Gateway x2  
  67  8:24  Gateway  
  67  8:27  Pylon  
  67  8:36  Robotics Facility  
  67  8:39  Stalker  
  60  8:58  Probe x2  
  60  8:59  Probe x2  
  64  9:07  Probe  
  64  9:09  Dark Templar  
  66  9:16  Psionic Storm  
  67  9:18  Warp Prism  
  69  9:36  Stalker x3  
Show
View Real Time Build Order
Export as new Build Order

Azulike Terran 

Build Orders:  

Get SALT Encoding   

  12  0:01  SCV  
  13  0:13  SCV  
  14  0:22  Supply Depot  
  14  0:27  SCV  
  15  0:44  SCV  
  15  0:45  Refinery  
  15  0:48  Barracks  
  16  0:56  SCV  
  17  1:10  SCV  
  18  1:22  SCV  
  19  1:34  SCV  
  19  1:38  Supply Depot  
  19  1:39  Reaper  
  21  1:47  SCV  
  22  1:52  Command Center  
  23  2:03  Orbital Command  
  22  2:17  Barracks Reactor  
  22  2:29  SCV  
  23  2:41  SCV  
  23  2:43  Supply Depot  
  24  2:47  Factory  
  24  2:53  SCV  
  24  2:54  Marine x2  
  27  3:03  Refinery  
  27  3:05  SCV  
  27  3:13  Marine  
  27  3:14  Marine  
  27  3:17  Orbital Command  
  29  3:30  Starport  
  29  3:33  Factory Reactor  
  29  3:36  Marine x2  
  29  3:37  SCV  
  32  3:41  Supply Depot  
  32  3:44  SCV  
  33  3:49  SCV  
  33  3:54  Marine x2  
  36  3:56  SCV  
  36  4:02  SCV  
  38  4:08  SCV  
  39  4:11  Marine  
  39  4:12  Marine  
  39  4:14  SCV  
  42  4:21  SCV, Barracks  
  43  4:25  Factory Tech Lab  
  43  4:26  SCV, Medivac  
  43  4:29  Marine x2, Medivac  
  50  4:33  SCV  
  50  4:38  SCV  
  52  4:46  SCV, Engineering Bay  
  52  4:48  Marine  
  52  4:50  SCV  
  55  4:58  SCV  
  55  4:59  Marine  
  57  5:03  Medivac  
  59  5:10  Barracks Tech Lab  
  59  5:12  Engineering Bay  
  59  5:14  SCV x2  
  59  5:17  Marine  
  62  5:28  Supply Depot  
  62  5:31  Supply Depot  
  62  5:32  Supply Depot  
  62  5:49  Marine, SCV, Medivac  
  70  5:50  SCV, Siege Tank  
  70  6:06  Marine  
  70  6:07  Marine x2  
  65  6:22  Siege Tank  
  65  6:25  Marauder, Missile Turret  
  60  6:31  Missile Turret  
  60  6:35  Missile Turret  
  60  6:37  Missile Turret  
  60  6:41  Terran Infantry Armor Level 1, Terran Infantry Weapons Level 1  
  60  6:42  SCV x2  
  60  6:46  Refinery  
  62  6:47  Marine x2  
  62  6:48  Marine  
  65  7:00  Viking  
  65  7:01  Viking  
  69  7:07  SCV x2  
  71  7:19  SCV x2  
  73  7:23  Starport  
  73  7:27  Marine x2  
  73  7:28  Marauder  
  77  7:31  SCV x2  
  77  7:36  Refinery  
  79  7:43  Armory  
  79  7:56  Marine x2  
  79  7:57  Marine, Barracks  
  79  7:58  Barracks  
  82  8:01  Starport Tech Lab  
  82  8:02  Viking x2  
  86  8:29  Marine  
  85  8:45  SCV  
  86  8:52  Supply Depot  
  86  8:56  Supply Depot  
  86  8:59  Supply Depot  
  86  9:09  Command Center  
  86  9:13  Viking x3, SCV x2  
  94  9:25  SCV x2  
  96  9:31  Missile Turret  
  96  9:43  Viking x2  
  100  9:56  Viking  
  96  10:01  Missile Turret  
  89  10:22  Missile Turret  
  89  10:25  Command Center  
Show
View Real Time Build Order
Export as new Build Order

drewishuge Protoss 

Build Orders: Zealot Archon 

Get SALT Encoding   

  12  0:03  Probe  
  13  0:12  Probe  
  13  0:20  Probe  
  15  0:31  Pylon  
  15  0:42  Assimilator  
  15  0:51  Gateway  
  15  0:55  Gateway  
  15  0:56  Probe  
  16  1:15  Probe  
  16  1:23  Probe  
  18  1:33  Probe  
  18  1:39  Cybernetics Core  
  19  1:43  Assimilator  
  19  1:56  Pylon  
  19  2:02  Probe  
  20  2:10  Probe  
  21  2:19  Twilight Council  
  21  2:20  Probe  
  22  2:29  Warp Gate  
  22  2:32  Probe  
  23  2:38  Nexus  
  23  2:49  Pylon  
  23  2:57  Templar Archives  
  23  3:10  Pylon  
  23  3:32  Stargate  
  23  3:39  Stargate  
  23  3:54  Probe  
  23  3:58  Gateway  
  23  4:02  Probe  
  24  4:08  Probe  
  25  4:12  Probe  
  25  4:16  Probe  
  27  4:18  High Templar  
  30  4:26  Probe  
  31  4:33  High Templar  
  33  4:38  Probe  
  33  4:40  Probe  
  35  4:45  Assimilator  
  35  4:46  Assimilator  
  35  4:48  Archon  
  35  4:49  Probe  
  35  4:50  Probe  
  37  4:57  Gateway, Probe  
  37  5:00  Pylon  
  37  5:05  Pylon  
  37  5:06  Probe  
  38  5:07  Probe  
  38  5:09  Forge  
  40  5:18  Void Ray, Probe  
  40  5:19  Void Ray, Probe  
  50  5:30  Probe  
  51  5:42  Probe  
  52  5:44  Photon Cannon  
  52  5:47  Photon Cannon, Void Ray  
  52  5:54  Probe  
  57  6:05  Void Ray  
  57  6:06  Probe  
  62  6:18  Probe  
  62  6:23  Photon Cannon  
  63  6:29  Pylon  
  63  6:31  Probe  
  63  6:32  Photon Cannon  
  64  6:34  Void Ray  
  68  7:00  Void Ray  
  72  7:13  Void Ray  
  72  7:17  High Templar x2  
  72  7:20  Protoss Ground Weapons Level 1  
  72  7:21  Archon  
  80  7:38  Nexus  
  80  7:40  Pylon  
  80  7:43  Void Ray  
  84  7:47  Assimilator  
  84  7:50  Assimilator  
  84  7:53  High Templar  
  58  8:33  Void Ray  
  58  8:34  Void Ray  
  66  8:41  High Templar  
  66  8:48  Robotics Facility  
  68  8:49  Archon  
  68  8:52  Probe  
  68  9:00  Probe  
  69  9:08  High Templar x2  
  74  9:10  Probe  
  74  9:13  Archon  
  75  9:19  Void Ray  
  75  9:22  Probe  
  80  9:28  Void Ray  
  84  9:34  Probe  
  81  9:46  Probe  
  81  9:52  High Templar x2  
  78  9:57  Archon  
  78  9:58  Probe  
  79  10:09  High Templar  
  79  10:10  High Templar  
  83  10:14  Archon  
Show
View Real Time Build Order
Export as new Build Order

CHaSE Terran 

Build Orders:  

Get SALT Encoding   

  12  1:00  Supply Depot  
  12  1:02  SCV  
  13  1:15  SCV  
  14  1:21  Refinery  
  14  1:23  Barracks  
  14  1:27  SCV  
  15  1:39  SCV  
  16  1:51  SCV  
  17  1:55  Refinery  
  17  2:03  SCV  
  18  2:09  Command Center  
  18  2:16  Barracks Reactor  
  18  2:23  Barracks  
  18  2:32  Orbital Command  
  18  2:51  Marine  
  18  2:52  Marine  
  20  2:59  SCV  
  20  3:04  Supply Depot  
  21  3:15  Barracks Tech Lab  
  21  3:17  Factory  
  21  3:21  SCV  
  21  3:26  Supply Depot  
  22  3:29  Orbital Command  
  22  3:36  SCV  
  23  3:48  SCV  
  24  3:56  SCV  
  24  4:00  SCV  
  24  4:01  Starport, Factory Tech Lab  
  26  4:05  Starport  
  26  4:08  SCV  
  26  4:09  Refinery  
  27  4:12  SCV  
  27  4:14  Supply Depot  
  28  4:20  SCV  
  29  4:24  SCV  
  30  4:32  SCV  
  30  4:36  Refinery, SCV  
  32  4:41  Command Center  
  32  4:43  Starport Tech Lab  
  32  4:44  Starport  
  32  4:49  SCV  
  32  4:50  SCV  
  32  4:52  Fusion Core  
  34  5:02  SCV x2  
  36  5:14  SCV x2  
  37  5:21  Starport Tech Lab  
  38  5:25  Armory  
  38  5:26  SCV  
  39  5:29  SCV  
  39  5:31  Armory  
  40  5:38  SCV  
  47  5:43  Battlecruiser, Command Center  
  47  5:53  Battlecruiser  
  53  5:58  SCV  
  56  6:12  Battlecruiser  
  60  6:21  SCV  
  61  6:29  Engineering Bay  
  61  6:30  SCV  
  62  6:39  Supply Depot  
  62  6:40  Supply Depot x2, SCV  
  58  6:53  Battlecruiser  
  56  6:55  Marine  
  56  6:56  Marine  
  56  6:57  Marine, Viking  
  56  6:58  SCV x2  
  46  7:10  SCV x2  
  46  7:13  Marine x2  
  50  7:22  SCV  
  51  7:23  SCV  
  46  7:36  Orbital Command  
  46  7:39  Orbital Command  
  46  7:57  Missile Turret  
  34  8:15  Battlecruiser  
  34  8:18  Missile Turret  
  32  8:25  SCV x2  
  32  8:26  SCV  
  34  8:37  SCV x2  
  34  8:38  SCV  
  37  8:49  SCV  
  37  8:50  SCV  
  33  8:56  Battlecruiser  
  33  8:59  SCV  
  33  9:02  SCV  
  41  9:03  SCV x2  
  43  9:11  SCV  
  43  9:14  SCV  
  43  9:15  SCV  
  46  9:18  Missile Turret  
  46  9:20  Missile Turret  
  46  9:21  SCV  
  46  9:23  SCV  
  48  9:25  Refinery  
  48  9:26  Refinery  
  44  9:41  Missile Turret  
  49  9:48  Orbital Command  
  44  10:02  SCV  
  40  10:11  SCV x2  
  48  10:14  SCV  
Tags
 
Add a new tag
Caveats
  • Supply blocks, unpowered buildings, or Contaminate may cause inaccurate times.
  • Supply counts are checked every 10 seconds.